[Event "Titled Tuesday Blitz August 1 Late 2023"]
[White "Aravindh, Chithambaram VR."]
[Black "Ardelean, George-Catalin"]
[WhiteFideId "5072786"]
[BlackFideId "1207091"]
[WhiteElo "2885"]
[BlackElo "2678"]
[Result "1-0"]
[Round "8"]
[TimeControl "180+1"]
[Date "2023.08.01"]
[WhiteClock "0:00:07"]
[BlackClock "0:00:00"]
[Board "16"]

1. g3 d5 2. Nf3 b6 3. Bg2 Bb7 4. O-O e6 5. c4 dxc4 6. Qa4+ Nd7 7. Qxc4 a6 8. d4 Ngf6 9. Bf4 Bd6 10. Nc3 b5 11. Qd3 O-O 12. Ne5 Bxg2 13. Kxg2 Nb6 14. Rad1 Qc8 15. Qf3 Nbd5 16. e4 Nxf4+ 17. gxf4 Qb7 18. Rfe1 Rad8 19. Nd3 Be7 20. e5 Qxf3+ 21. Kxf3 Nd5 22. Ne4 f6 23. exf6 Bxf6 24. Nec5 Rfe8 25. Nxe6 Rd6 26. Ndc5 Re7 27. f5 a5 28. a3 a4 29. Ne4 Rc6 30. Rc1 Rxc1 31. Rxc1 Kf7 32. Rc5 Nb6 33. Rxb5 Nc4 34. Rb4 Nb6 35. Rb5 g6 36. Nxf6 Kxf6 37. Nxc7 Rxc7 38. Rxb6+ Kxf5 39. Rb5+ Kf6 40. Rb4 1-0


[Site "https://www.chess.com"]

[Event "Titled Tuesday Blitz August 1 Late 2023"]
[White "Ibarra Jerez, Jose Carlos"]
[Black "Annaberdiyev, Meylis"]
[WhiteFideId "2226332"]
[BlackFideId "14000563"]
[WhiteElo "2879"]
[BlackElo "2677"]
[Result "1/2-1/2"]
[Round "8"]
[TimeControl "180+1"]
[Date "2023.08.01"]
[WhiteClock "0:00:11"]
[BlackClock "0:00:04"]
[Board "17"]

1. e4 c5 2. Ne2 Nc6 3. Nbc3 g6 4. d4 cxd4 5. Nxd4 Bg7 6. Be3 Nf6 7. Bc4 Qa5 8. O-O O-O 9. Bb3 d6 10. Nd5 Qd8 11. Nxf6+ Bxf6 12. c3 Na5 13. f4 Bd7 14. Qe2 Rc8 15. Rad1 Nxb3 16. axb3 Qc7 17. Nf3 Bg4 18. h3 Bxf3 19. Rxf3 a6 20. Qf2 Qc6 21. Bd4 Qxe4 22. Bxf6 exf6 23. Rxd6 Rc6 24. Rd7 Re6 25. Kh2 f5 26. Rfd3 Rfe8 27. Rd2 h5 28. Rc7 R6e7 29. Rxe7 Qxe7 30. Qb6 Qe4 31. Rf2 h4 32. Rf3 Qb1 33. Rf2 Qe1 34. Rf3 Qb1 35. Qf2 Re1 36. Qxh4 Rh1+ 37. Kg3 Qe1+ 38. Rf2 Qe3+ 39. Rf3 Qe1+ 40. Rf2 Qe3+ 41. Rf3 Qe1+ 1/2-1/2


[Site "https://www.chess.com"]

[Event "Titled Tuesday Blitz August 1 Late 2023"]
[White "Rastbod, Ali"]
[Black "Shtembuliak, Evgeny"]
[WhiteFideId "12567477"]
[BlackFideId "14113325"]
[WhiteElo "2671"]
[BlackElo "2866"]
[Result "0-1"]
[Round "8"]
[TimeControl "180+1"]
[Date "2023.08.01"]
[WhiteClock "0:00:03"]
[BlackClock "0:00:49"]
[Board "18"]

1. Nf3 Nf6 2. c4 d6 3. g3 g6 4. Bg2 Bg7 5. O-O O-O 6. d4 c6 7. Nc3 Bf5 8. Ng5 e5 9. d5 a5 10. dxc6 bxc6 11. Nge4 Nxe4 12. Nxe4 Bxe4 13. Bxe4 Qc7 14. b3 f5 15. Bg2 e4 16. Ba3 Rd8 17. Rc1 Na6 18. Qd2 Nb4 19. Rfd1 Qb6 20. Bf1 e3 21. Qxe3 Qxe3 22. fxe3 Nxa2 23. Rc2 Nb4 24. Bxb4 axb4 25. Bg2 Ra6 26. e4 fxe4 27. Bxe4 Bc3 28. Kg2 Kf7 29. e3 Ke6 30. Rf2 Ke5 31. Bf3 d5 32. cxd5 cxd5 33. Rb1 Ra3 34. Rc2 Rda8 35. Rcc1 Ra2+ 36. Kh3 Rf2 37. Bg2 Raa2 38. Rg1 h5 39. Rbd1 g5 40. Rxd5+ Kf6 41. g4 hxg4+ 42. Kxg4 Rxg2+ 43. Rxg2 Rxg2+ 44. Kf3 Rxh2 0-1


[Site "https://www.chess.com"]

[Event "Titled Tuesday Blitz August 1 Late 2023"]
[White "Jakubowski, Krzysztof"]
[Black "Maksimovic, Bojan"]
[WhiteFideId "1112848"]
[BlackFideId "14408120"]
[WhiteElo "2660"]
[BlackElo "2850"]
[Result "0-1"]
[Round "8"]
[TimeControl "180+1"]
[Date "2023.08.01"]
[WhiteClock "0:00:00"]
[BlackClock "0:00:07"]
[Board "19"]

1. e4 g6 2. d4 Nf6 3. e5 Nh5 4. Be2 d6 5. Bxh5 gxh5 6. Bf4 dxe5 7. Bxe5 Rg8 8. Qxh5 Qd5 9. Qf3 Qxf3 10. Nxf3 c5 11. Bg3 Nc6 12. dxc5 Nb4 13. Na3 Bf5 14. Nd4 Bd7 15. O-O Rc8 16. Nb3 f6 17. Rfd1 Bf5 18. Nd4 Bg6 19. c3 Nd3 20. b4 Kf7 21. Nc4 b6 22. Nb5 bxc5 23. Nxa7 Ra8 24. Nc6 cxb4 25. cxb4 e5 26. Rxd3 Bxd3 27. N4xe5+ fxe5 28. Nxe5+ Ke6 29. Nxd3 Kd5 30. a4 Kc4 31. Rd1 Bxb4 32. Nxb4 Kxb4 33. Rd4+ Kb3 34. h4 Rg7 35. Kh2 Rxa4 36. Rxa4 Kxa4 37. Be5 Rf7 38. f4 Kb5 39. g4 Kc5 40. Kg3 Kd5 41. g5 Ke4 42. Kg4 Rb7 43. h5 Rb1 44. g6 Rg1+ 45. Kh4 hxg6 46. h6 Kf5 47. Bg7 Kxf4 48. Kh3 Rh1+ 49. Kg2 Rh5 50. Kf2 g5 51. Kg2 g4 52. Bf8 Rd5 53. Bg7 Rh5 54. Bf8 Rh3 55. Bg7 Rh4 56. Bf8 Rh5 57. Bd6+ Kg5 58. Bf8 Rh3 59. Kf2 Kg6 60. Kg2 Kf6 61. Bg7+ Kf5 62. Bf8 Kg6 63. Bg7 Rb3 64. Bf8 Rd3 65. Bg7 Rd7 66. Kf2 Rd5 67. Kg3 Rg5 68. Bf8 Rf5 69. Bg7 Rg5 70. Bf8 Kh7 71. Bg7 Rg6 72. Bf8 Kg8 73. Bg7 Kf7 74. Kg2 g3 75. Be5 Rxh6 76. Bxg3 Kg6 77. Kf3 Kf5 78. Bf2 Rh3+ 79. Bg3 Kg5 80. Kg2 Kg4 81. Bf2 Rc3 82. Bd4 Rc2+ 83. Kf1 Kf3 84. Ke1 Re2+ 85. Kd1 Re4 86. Bb6 Rb4 87. Bc5 Rc4 88. Bb6 Rc6 89. Ba7 Ra6 90. Bc5 Ke4 91. Ke1 Ra2 92. Bb6 Rb2 93. Ba7 Kf3 94. Bc5 Rc2 95. Bb6 Rc6 96. Ba7 Re6+ 97. Kd2 Re2+ 98. Kd3 Re7 99. Bd4 Rd7 100. Kc4 Ke4 101. Bf6 Rc7+ 102. Kb4 Kd3 103. Be5 Rc6 104. Bg7 Rg6 105. Bh8 Rg4+ 106. Kb5 Rh4 107. Bg7 Rh5+ 108. Kb4 Rh7 109. Bf6 Ke4 110. Kc5 Rc7+ 111. Kd6 Rf7 112. Ke6 Ra7 113. Be7 Ra6+ 114. Bd6 Rb6 115. Kd7 Kd5 116. Bc7 Rb7 117. Kc8 Kc6 118. Bf4 Rf7 119. Bg5 Rf8+ 120. Bd8 Rg8 0-1


[Site "https://www.chess.com"]

[Event "Titled Tuesday Blitz August 1 Late 2023"]
[White "Hansen, Eric"]
[Black "Piesik, Piotr"]
[WhiteFideId "2606771"]
[BlackFideId "1136194"]
[WhiteElo "2843"]
[BlackElo "2640"]
[Result "1-0"]
[Round "8"]
[TimeControl "180+1"]
[Date "2023.08.01"]
[WhiteClock "0:00:29"]
[BlackClock "0:00:11"]
[Board "20"]

1. e4 c6 2. d4 d5 3. e5 Bf5 4. Nf3 e6 5. Be2 Be7 6. O-O h5 7. Nbd2 Nh6 8. Nb3 Nd7 9. Bd2 h4 10. h3 Bg6 11. Rc1 Nf5 12. Bd3 Qc7 13. Re1 a6 14. a4 b5 15. Na5 Rc8 16. b4 Nb6 17. axb5 axb5 18. Nb3 Nc4 19. Rb1 Ra8 20. Bg5 Bxg5 21. Nxg5 Qe7 22. Qc1 Qxb4 23. Nc5 Qd2 24. Qxd2 Nxd2 25. Ra1 Ke7 26. c3 Nc4 27. Na6 Kd7 28. Bxf5 Bxf5 29. Nxf7 Rhf8 30. Nc5+ Ke7 31. Ng5 Nb6 32. Nf3 Na4 33. Nxh4 Bh7 34. Re3 Nxc5 35. Rxa8 Rxa8 36. dxc5 Ra4 37. Nf3 Rc4 38. Nd4 Rxc5 39. Rg3 g6 40. Nb3 Rc4 41. Na5 Re4 42. f3 Re2 43. Nxc6+ Kd7 44. Nd4 Rxe5 45. Kf2 g5 46. h4 Bd3 47. hxg5 Ke8 48. f4 Re4 49. Rxd3 1-0


[Site "https://www.chess.com"]

[Event "Titled Tuesday Blitz August 1 Late 2023"]
[White "Adewumi, Tanitoluwa"]
[Black "Rasulov, Vugar"]
[WhiteFideId "30966396"]
[BlackFideId "13402390"]
[WhiteElo "2655"]
[BlackElo "2828"]
[Result "0-1"]
[Round "8"]
[TimeControl "180+1"]
[Date "2023.08.01"]
[WhiteClock "0:00:07"]
[BlackClock "0:01:39"]
[Board "21"]

1. e4 e5 2. Nf3 Nc6 3. Nc3 Nf6 4. Bb5 Bd6 5. d3 h6 6. a3 O-O 7. Bxc6 dxc6 8. Rg1 c5 9. Be3 b6 10. h3 Nh7 11. g4 Ng5 12. h4 Ne6 13. Ne2 Nd4 14. Nexd4 exd4 15. Bd2 Be6 16. Qe2 b5 17. h5 f6 18. Nh4 a5 19. f4 b4 20. a4 b3 21. c4 dxc3 22. Bxc3 Bxf4 23. Ng6 Bg5 24. Nxf8 Qxf8 25. Bd2 Bh4+ 26. Kd1 Qd6 27. Rh1 Bg5 28. Bxg5 fxg5 29. Kd2 Qd4 30. Rab1 Qb4+ 31. Kc1 Qxa4 32. Rd1 Qd4 33. Qd2 Bxg4 34. Re1 Bxh5 35. Qc3 a4 36. Qxd4 cxd4 37. Kd2 a3 38. Ra1 a2 39. Rec1 Rf8 40. Rf1 Rxf1 41. Rxf1 g4 42. Ra1 g3 43. Ke1 Bf3 44. Kf1 h5 45. Kg1 h4 46. Kf1 h3 47. Ke1 h2 48. Kd2 g2 49. Rg1 hxg1=Q 50. e5 Qe3# 0-1


[Site "https://www.chess.com"]

[Event "Titled Tuesday Blitz August 1 Late 2023"]
[White "Karaoglan, Doruk"]
[Black "Ashraf, Artin"]
[WhiteFideId "6390927"]
[BlackFideId "22514805"]
[WhiteElo "2637"]
[BlackElo "2819"]
[Result "0-1"]
[Round "8"]
[TimeControl "180+1"]
[Date "2023.08.01"]
[WhiteClock "0:00:00"]
[BlackClock "0:00:05"]
[Board "22"]

1. e4 c5 2. Nc3 d6 3. f4 Nc6 4. Nf3 g6 5. Bc4 Bg7 6. O-O e6 7. d3 Nge7 8. f5 exf5 9. Qe1 h6 10. Qh4 Be6 11. Nd5 Bxd5 12. exd5 Ne5 13. Bb5+ Kf8 14. Nxe5 dxe5 15. c4 f4 16. Qf2 Qd6 17. a3 h5 18. b4 b6 19. bxc5 bxc5 20. Be3 Rc8 21. Bc6 Rxc6 22. dxc6 Qxc6 23. Bxc5 Bf6 24. Rab1 Kg7 25. d4 Nf5 26. d5 Qc7 27. Rfc1 Bh4 28. Qe2 Qxc5+ 29. Kh1 Bf6 30. Rb5 Qd6 31. Qe4 h4 32. c5 Qa6 33. Qb4 h3 34. d6 hxg2+ 35. Kg1 Qc6 0-1


[Site "https://www.chess.com"]

[Event "Titled Tuesday Blitz August 1 Late 2023"]
[White "Bauman_Guy"]
[Black "Wu, Rochelle"]
[BlackFideId "30908132"]
[WhiteElo "2807"]
[BlackElo "2629"]
[Result "1-0"]
[Round "8"]
[TimeControl "180+1"]
[Date "2023.08.01"]
[WhiteClock "0:02:07"]
[BlackClock "0:00:57"]
[Board "23"]

1. e4 c5 2. Nf3 d6 3. d4 cxd4 4. Nxd4 Nf6 5. Nc3 Nc6 6. Bg5 e6 7. Bb5 Bd7 8. Bxc6 bxc6 9. Qf3 Qb6 10. O-O-O Rb8 11. Nb3 Be7 12. e5 dxe5 13. Bxf6 gxf6 14. Ne4 f5 15. Nd6+ Bxd6 16. Rxd6 Ke7 17. Rhd1 Rbd8 18. Qg3 h6 19. Qxe5 Bc8 20. Nd4 f6 21. Rxe6+ 1-0


[Site "https://www.chess.com"]

[Event "Titled Tuesday Blitz August 1 Late 2023"]
[White "Pinheiro, Iung Alicio de O."]
[Black "Rozen, Eytan"]
[WhiteFideId "2104350"]
[BlackFideId "2816750"]
[WhiteElo "2628"]
[BlackElo "2774"]
[Result "1-0"]
[Round "8"]
[TimeControl "180+1"]
[Date "2023.08.01"]
[WhiteClock "0:01:01"]
[BlackClock "0:00:18"]
[Board "24"]

1. e4 c5 2. Nf3 e6 3. Nc3 Nc6 4. g3 d5 5. exd5 exd5 6. d4 Bg4 7. h3 Bxf3 8. Qxf3 Nxd4 9. Qd3 Nf6 10. Bg2 Be7 11. O-O O-O 12. Bg5 Rc8 13. Rad1 Qa5 14. Bxf6 Bxf6 15. Nxd5 Rfd8 16. c3 Ne6 17. Qf5 Qxa2 18. Be4 Ng5 19. Bb1 Qc4 20. h4 Nf3+ 21. Qxf3 1-0


[Site "https://www.chess.com"]

[Event "Titled Tuesday Blitz August 1 Late 2023"]
[White "brm72"]
[Black "Krzyzanowski, Marcin"]
[BlackFideId "1132199"]
[WhiteElo "2620"]
[BlackElo "2773"]
[Result "0-1"]
[Round "8"]
[TimeControl "180+1"]
[Date "2023.08.01"]
[WhiteClock "0:00:58"]
[BlackClock "0:01:44"]
[Board "25"]

1. e4 e5 2. Nf3 Nc6 3. d4 exd4 4. Nxd4 Nf6 5. Nxc6 bxc6 6. e5 Qe7 7. Qe2 Nd5 8. h4 Qe6 9. Nd2 d6 10. c4 Nf4 11. Qe4 Qxe5 12. Qxe5+ dxe5 13. Nf3 Bb4+ 14. Bd2 Bxd2+ 15. Kxd2 f6 16. g3 Ne6 17. Re1 Bd7 18. Kc3 Kf7 19. Bg2 Rhd8 20. Rd1 Be8 21. Rhe1 Nc5 22. Kb4 Nd3+ 23. Rxd3 Rxd3 24. Kc5 Rb8 25. b4 a5 26. bxa5 Ra3 0-1


[Site "https://www.chess.com"]

[Event "Titled Tuesday Blitz August 1 Late 2023"]
[White "Ozates, Tuna"]
[Black "Weetik, Vjacheslav"]
[WhiteFideId "6354521"]
[BlackFideId "4153472"]
[WhiteElo "2617"]
[BlackElo "2764"]
[Result "0-1"]
[Round "8"]
[TimeControl "180+1"]
[Date "2023.08.01"]
[WhiteClock "0:00:05"]
[BlackClock "0:00:06"]
[Board "26"]

1. e4 e5 2. Nf3 Nc6 3. Bb5 a6 4. Ba4 Nf6 5. d3 b5 6. Bb3 Bc5 7. c3 d6 8. Nbd2 O-O 9. h3 Bb6 10. Nf1 Ne7 11. Ng3 Ng6 12. O-O c5 13. a4 Rb8 14. Be3 d5 15. axb5 axb5 16. Bg5 c4 17. Bc2 Bb7 18. exd5 Qxd5 19. Bxf6 gxf6 20. Nh5 Kh8 21. Qd2 Rg8 22. Qh6 Qxf3 23. gxf3 Nh4+ 24. Ng3 Rxg3+ 25. Kh2 Rg2+ 26. Kh1 Bxf3 27. Qxf6+ Kg8 28. Rg1 Rg6+ 29. Kh2 Bc7 30. Rxg6+ hxg6 31. Qxh4 cxd3 32. Bb3 e4+ 33. Kg1 Kg7 34. Qe7 Rb7 35. Qxf7+ Kh6 36. Qf8+ Kg5 37. h4+ Kxh4 38. Qh6+ Bh5 39. Bd1 Rb6 40. Bxh5 gxh5 41. Qg7 Bf4 42. Kh1 d2 43. Rg1 Rd6 44. Qe7+ Kh3 45. Qg7 d1=Q 46. Qg8 Qf3+ 47. Qg2+ Qxg2+ 48. Rxg2 Rd1+ 49. Rg1 Rxg1+ 50. Kxg1 Kg4 51. Kg2 Bc1 52. b3 Bd2 53. c4 bxc4 54. bxc4 Bb4 55. Kf1 Kf3 56. Kg1 Bc5 57. Kf1 h4 58. Kg1 Bxf2+ 59. Kh2 e3 60. c5 e2 0-1


[Site "https://www.chess.com"]

[Event "Titled Tuesday Blitz August 1 Late 2023"]
[White "Tsaruk, Maksim"]
[Black "Vlassov, Nikolai"]
[WhiteFideId "13511173"]
[BlackFideId "4103360"]
[WhiteElo "2746"]
[BlackElo "2584"]
[Result "1-0"]
[Round "8"]
[TimeControl "180+1"]
[Date "2023.08.01"]
[WhiteClock "0:00:04"]
[BlackClock "0:00:01"]
[Board "27"]

1. e4 Nc6 2. Nf3 d5 3. exd5 Qxd5 4. Nc3 Qa5 5. d4 Bg4 6. d5 O-O-O 7. Bd2 Nb4 8. Bc4 Bxf3 9. gxf3 Nf6 10. a3 Qc5 11. axb4 Qxc4 12. Rxa7 Nxd5 13. b3 Qc6 14. Ra8+ Kd7 15. Rxd8+ Kxd8 16. Ne4 Kc8 17. c4 Nf6 18. b5 Qe6 19. Qe2 Nxe4 20. fxe4 g5 21. Bc3 Rg8 22. O-O Bg7 23. Ra1 Kd7 24. Rd1+ Ke8 25. Qd3 Qc8 26. e5 f6 27. Kh1 Kf7 28. exf6 Bxf6 29. Qxh7+ Rg7 30. Qh5+ Rg6 31. Bxf6 exf6 32. Qh7+ Rg7 33. Qe4 Qe6 34. Qxb7 Kg6 35. Qd5 Qe2 36. Qd3+ Qxd3 37. Rxd3 Re7 38. Kg2 Kf5 39. h3 Re1 40. Kf3 Rb1 41. Ke3 Ke5 42. Kd2 f5 43. Kc3 Rf1 44. Re3+ Kf4 45. Re7 Rxf2 46. Rxc7 Rf3+ 47. Kb4 Rxh3 48. b6 Rh8 49. b7 Rb8 50. c5 g4 51. c6 g3 52. Rc8 g2 53. Rxb8 g1=Q 54. Rc8 Qb6+ 55. Kc4 Qa6+ 56. Kc5 Qa5+ 57. Kd6 Qb4+ 58. Kd7 Qd4+ 59. Kc7 Qe5+ 60. Kb6 Qd4+ 61. Ka6 Qd3+ 62. Ka5 Qd5+ 63. Ka4 Qd4+ 64. b4 Qd1+ 65. Ka5 Qa1+ 66. Kb5 Qe5+ 67. Ka6 Qa1+ 68. Kb6 Qd4+ 69. Kc7 Qe5+ 70. Kb6 Qd4+ 71. Kb5 Qd3+ 72. Ka5 Qa3+ 73. Kb5 Qd3+ 74. Ka4 Qc2+ 75. Ka5 Qa2+ 76. Kb6 Qf2+ 77. Kc7 Qd4 78. b8=Q Qe5+ 79. Kb7 1-0


[Site "https://www.chess.com"]

[Event "Titled Tuesday Blitz August 1 Late 2023"]
[White "Santos Flores, Alberto"]
[Black "Volovich, Vasily"]
[WhiteFideId "3601234"]
[BlackFideId "34169676"]
[WhiteElo "2567"]
[BlackElo "2745"]
[Result "0-1"]
[Round "8"]
[TimeControl "180+1"]
[Date "2023.08.01"]
[WhiteClock "0:00:08"]
[BlackClock "0:00:16"]
[Board "28"]

1. e4 e6 2. d4 d5 3. Nc3 Bb4 4. e5 Ne7 5. a3 Bxc3+ 6. bxc3 c5 7. Nf3 b6 8. a4 Ba6 9. Bxa6 Nxa6 10. a5 O-O 11. O-O bxa5 12. Bg5 cxd4 13. cxd4 Rc8 14. Qd2 Nb4 15. c3 Nbc6 16. Rfb1 h6 17. Be3 Rb8 18. g4 Kh7 19. h4 f6 20. exf6 Rxf6 21. Ne5 Nxe5 22. dxe5 Rf7 23. f4 Qc7 24. Rxb8 Qxb8 25. Rxa5 Qb1+ 26. Kh2 Nc6 27. Ra2 Qe4 28. Ra6 Nxe5 29. fxe5 Qxg4 30. Qd3+ Rf5 31. Rxa7 Qxh4+ 32. Kg2 Qg4+ 33. Kh2 Qh5+ 34. Kg2 Qg6+ 0-1


[Site "https://www.chess.com"]

[Event "Titled Tuesday Blitz August 1 Late 2023"]
[White "Toropov, Pavel"]
[Black "Jaracz, Pawel"]
[WhiteFideId "24129178"]
[BlackFideId "1102222"]
[WhiteElo "2566"]
[BlackElo "2727"]
[Result "1-0"]
[Round "8"]
[TimeControl "180+1"]
[Date "2023.08.01"]
[WhiteClock "0:00:28"]
[BlackClock "0:01:17"]
[Board "29"]

1. e4 d6 2. d4 Nf6 3. Nc3 e5 4. Nge2 Nbd7 5. h3 a6 6. g4 h6 7. Bg2 b5 8. O-O Be7 9. f4 b4 10. Nd5 Nxd5 11. exd5 exf4 12. Bxf4 O-O 13. Qd2 a5 14. a3 Ba6 15. Rfe1 Bh4 16. Bg3 Re8 17. Bxh4 Qxh4 18. axb4 axb4 19. Nf4 Rxe1+ 20. Rxe1 b3 21. cxb3 Qxg4 22. hxg4 1-0


[Site "https://www.chess.com"]

[Event "Titled Tuesday Blitz August 1 Late 2023"]
[White "Tikhonov, Viacheslav"]
[Black "only_strong_moves"]
[WhiteFideId "44196407"]
[WhiteElo "2549"]
[BlackElo "2719"]
[Result "0-1"]
[Round "8"]
[TimeControl "180+1"]
[Date "2023.08.01"]
[WhiteClock "0:00:09"]
[BlackClock "0:00:08"]
[Board "30"]

1. d4 d5 2. c4 e6 3. Nf3 a6 4. g3 Nf6 5. Bg2 Bb4+ 6. Bd2 Be7 7. O-O O-O 8. Qc2 dxc4 9. Qxc4 b5 10. Qc2 Bb7 11. Bf4 Nc6 12. Rd1 Nb4 13. Qc1 Rc8 14. Nbd2 c5 15. b3 cxd4 16. Qb2 Nc2 17. a4 Nxa1 18. Rxa1 Bb4 19. Rd1 Bc3 20. Qa2 h6 21. axb5 axb5 22. Qa7 Bd5 23. Be5 Ra8 24. Qc5 Nd7 25. Qxb5 Ra5 26. Qd3 Nxe5 27. Nxe5 Bxg2 28. Nec4 Bd5 29. Nxa5 Qxa5 30. Nc4 Qa2 31. Ne5 Bxb3 32. Rf1 Bc2 33. Qf3 Qd5 34. Qf4 d3 35. Nxd3 Bxd3 36. exd3 Qxd3 37. Qc7 Bf6 38. Qc6 Rb8 39. Kg2 Rb2 40. Qe8+ Kh7 41. Qxf7 Qd5+ 42. Kg1 Bd4 43. Qf4 Qe5 44. Qf3 Qf5 45. Qg2 Re2 46. h3 e5 47. h4 e4 48. Kh1 Qf3 49. Kg1 Qxg2+ 50. Kxg2 e3 51. Kf3 Rxf2+ 52. Kg4 Rxf1 53. Kh5 Rf5+ 54. Kg4 Rf8 55. Kh5 e2 56. g4 e1=Q 57. g5 Qd1# 0-1


[Site "https://www.chess.com"]

[Event "Titled Tuesday Blitz August 1 Late 2023"]
[White "Romero Pallares, Daniel"]
[Black "Volkov, Maksim"]
[WhiteFideId "32025637"]
[BlackFideId "54123070"]
[WhiteElo "2534"]
[BlackElo "2706"]
[Result "0-1"]
[Round "8"]
[TimeControl "180+1"]
[Date "2023.08.01"]
[WhiteClock "0:00:05"]
[BlackClock "0:01:33"]
[Board "31"]

1. d4 d5 2. Nc3 Nf6 3. Bf4 a6 4. e3 e6 5. Nf3 c5 6. dxc5 Bxc5 7. Bd3 Nc6 8. O-O h6 9. e4 O-O 10. Re1 Ba7 11. e5 Nd7 12. a3 b5 13. h3 Rb8 14. g4 b4 15. axb4 Nxb4 16. Kg2 Nxd3 17. Qxd3 Rxb2 18. h4 Nc5 19. Qe2 Bb7 20. Kg3 Ne4+ 21. Nxe4 dxe4 22. Nh2 Qc7 23. Rac1 Bd4 24. g5 Bxe5 25. Bxe5 Qxe5+ 26. Kh3 hxg5 27. hxg5 Qxg5 28. Rg1 Qh6+ 29. Kg3 f5 30. Kg2 f4 31. Kh1 Rb5 32. Rg4 Rh5 33. f3 exf3 34. Qf2 Rxh2+ 0-1


[Site "https://www.chess.com"]

[Event "Titled Tuesday Blitz August 1 Late 2023"]
[White "Moral Garcia, Serafin"]
[Black "Rustemov, Alexander"]
[WhiteFideId "2201925"]
[BlackFideId "4119002"]
[WhiteElo "2538"]
[BlackElo "2829"]
[Result "0-1"]
[Round "8"]
[TimeControl "180+1"]
[Date "2023.08.01"]
[WhiteClock "0:00:16"]
[BlackClock "0:00:47"]
[Board "32"]

1. e4 e6 2. d4 d5 3. Nd2 dxe4 4. Nxe4 Bd7 5. Nf3 Bc6 6. Bd3 Nd7 7. O-O Ngf6 8. Ng3 Be7 9. Re1 O-O 10. c3 b6 11. Bf4 Bb7 12. Bc2 c5 13. dxc5 Nxc5 14. Qe2 Re8 15. Rad1 Qc8 16. Ne5 Rd8 17. Rxd8+ Qxd8 18. Rd1 Qc8 19. b4 Na6 20. Qd3 g6 21. a3 Nd5 22. Bh6 Bf6 23. f4 Qxc3 24. Ne4 Qxd3 25. Bxd3 Be7 26. Bb5 Rc8 27. Nd7 Nac7 28. Be2 f6 29. g3 Kf7 30. Bf3 Ba8 31. g4 Ke8 32. Ndxf6+ Nxf6 0-1


[Site "https://www.chess.com"]

[Event "Titled Tuesday Blitz August 1 Late 2023"]
[White "NigelDwarf"]
[Black "Mekhitarian, Krikor Sevag"]
[BlackFideId "2107660"]
[WhiteElo "2524"]
[BlackElo "2752"]
[Result "0-1"]
[Round "8"]
[TimeControl "180+1"]
[Date "2023.08.01"]
[WhiteClock "0:00:11"]
[BlackClock "0:00:11"]
[Board "33"]

1. Nf3 d5 2. c4 d4 3. b4 c5 4. e3 dxe3 5. fxe3 cxb4 6. d4 g6 7. Bd3 Bg7 8. a3 bxa3 9. Bxa3 Nf6 10. O-O O-O 11. Nc3 Re8 12. Qe2 Nc6 13. Rad1 Qa5 14. Qb2 Ng4 15. Rde1 Nxe3 16. Rxe3 Nxd4 17. Bb4 Qh5 18. Qf2 Nc6 19. Nd4 Bf5 20. Nxc6 bxc6 21. Bxf5 Qxf5 22. Rf3 Qd7 23. Rd1 Qe6 24. Qe2 Qxe2 25. Nxe2 a5 26. Bc3 Red8 27. Rxd8+ Rxd8 28. Bxa5 Rd1+ 29. Kf2 Rb1 30. Bc3 f6 31. Rd3 Kf7 32. Rd7 Ke6 33. Ra7 Bh6 34. Ra6 Kd7 35. Nd4 Rc1 36. Bb2 Rxc4 37. Ra7+ Kd6 38. Ba3+ c5 39. Nf3 Bf4 40. Ra6+ Kd5 41. g3 Bd6 42. Nd2 Rc2 43. Ke2 h5 44. Kd3 Ra2 45. Nc4 Rxh2 46. Ne3+ Ke6 47. Ke4 f5+ 48. Kd3 Kd7 49. Ra7+ Kc6 50. Nc4 Rh3 51. Ra6+ Kd5 52. Ne3+ Ke6 53. Bxc5 Rxg3 54. Bxd6 exd6 55. Ke2 h4 56. Nc4 Kd5 57. Nxd6 h3 58. Kf2 Rg4 59. Nf7 h2 60. Ra1 Ke6 61. Nh6 Rh4 62. Rh1 Rxh6 63. Kg3 Kf6 64. Rxh2 Rxh2 65. Kxh2 g5 66. Kg3 Kg6 67. Kf3 g4+ 68. Kf4 Kf6 69. Kg3 Kg5 70. Kf2 f4 71. Kg2 Kh4 72. Kf2 g3+ 73. Kg2 Kg4 0-1


[Site "https://www.chess.com"]

[Event "Titled Tuesday Blitz August 1 Late 2023"]
[White "Manukyan, Sargis A."]
[Black "Bochnicka, Vladimir"]
[WhiteFideId "13303970"]
[BlackFideId "14943450"]
[WhiteElo "2662"]
[BlackElo "2527"]
[Result "1-0"]
[Round "8"]
[TimeControl "180+1"]
[Date "2023.08.01"]
[WhiteClock "0:00:10"]
[BlackClock "0:00:00"]
[Board "34"]

1. d4 Nf6 2. c4 g6 3. Nc3 Bg7 4. Nf3 O-O 5. h3 d6 6. Bf4 Nc6 7. e3 Nd7 8. Be2 e5 9. dxe5 dxe5 10. Bg3 f5 11. h4 f4 12. Bh2 Nc5 13. Qd5+ Qxd5 14. cxd5 Nb4 15. O-O-O Bf5 16. Kd2 Rad8 17. Bc4 Kh8 18. Ke2 e4 19. Ng5 f3+ 20. gxf3 exf3+ 21. Kf1 h6 22. Bxc7 Rd7 23. d6 Nbd3 24. e4 Nxb2 25. exf5 Nxc4 26. Ne6 Rxf5 27. Nxg7 Kxg7 28. Nd5 Nxd6 29. Ne3 Rxc7 30. Rxd6 Re5 31. Rg1 Re6 32. Rd1 Ne4 33. Rg4 Nc3 34. Rc1 Nb5 35. Rd1 h5 36. Rg5 Nc3 37. Rc1 Rec6 38. Nf5+ Kf6 39. Nd4 Rc5 40. Nxf3 Ne4 41. Rgxc5 Rxc5 42. Rb1 Nc3 43. Rxb7 Ra5 44. Rb3 Nxa2 45. Rd3 Nb4 46. Rd6+ Kf5 47. Kg2 Nd5 48. Kg3 Nf4 49. Rd8 Ne6 50. Rd7 Ra3 51. Rf7+ Ke4 52. Rf6 Nd4 53. Rf4+ Kd3 54. Rxd4+ Ke2 55. Rf4 a5 56. Kg2 Kd1 57. Ng1 a4 58. Rf6 Ke1 59. Rxg6 Ra2 60. Re6+ Kd1 61. Ra6 a3 62. Nf3 Ke2 63. Nd4+ Kd3 64. Nb5 1-0


[Site "https://www.chess.com"]

[Event "Titled Tuesday Blitz August 1 Late 2023"]
[White "Fishbein, Alexander"]
[Black "Bettalli, Francesco"]
[WhiteFideId "2000377"]
[BlackFideId "2816453"]
[WhiteElo "2634"]
[BlackElo "2523"]
[Result "1/2-1/2"]
[Round "8"]
[TimeControl "180+1"]
[Date "2023.08.01"]
[WhiteClock "0:00:03"]
[BlackClock "0:00:31"]
[Board "35"]

1. e4 e5 2. Nf3 Nf6 3. Nxe5 Nc6 4. Nf3 Nxe4 5. d3 Nf6 6. d4 d5 7. c3 Bd6 8. Bd3 O-O 9. O-O h6 10. h3 Ne4 11. Nbd2 f5 12. Re1 Qf6 13. Nf1 g5 14. Ne3 Be6 15. c4 Ne7 16. Ne5 c5 17. cxd5 Nxd5 18. Nxd5 Bxd5 19. Nd7 Qxd4 20. Bxe4 Bxe4 21. Be3 Qxd1 22. Raxd1 Be7 23. Nxf8 Rxf8 24. Rd7 Rf7 25. Rc7 Bc6 26. Bd2 Bd6 27. Rxf7 Kxf7 28. Bc3 b5 29. Be5 Be7 30. f4 Be4 31. Kf2 Ke6 32. g3 gxf4 33. Bxf4 h5 34. h4 Bf6 35. b3 c4 36. bxc4 bxc4 37. Be3 a5 38. Ke2 Bc3 39. Bd2 Bb4 40. Bxb4 axb4 41. Ke3 Kd5 42. Rd1+ Kc5 43. Rd8 b3 44. axb3 cxb3 45. Rb8 Kc4 46. Kd2 Bc2 47. Kc1 Kc3 48. Rc8+ Kd3 49. Kb2 Ke4 50. Rg8 Bd1 51. Rg5 Bg4 52. Kxb3 Kf3 53. Kc3 Kxg3 54. Kd2 Kxh4 55. Rg8 Kg3 56. Ke1 Kg2 57. Rb8 h4 58. Rb2+ Kg1 59. Rf2 h3 60. Rf1+ Kg2 61. Rf2+ Kg3 62. Kf1 Bf3 63. Kg1 f4 64. Rb2 Bg2 65. Rxg2+ hxg2 1/2-1/2


[Site "https://www.chess.com"]

[Event "Titled Tuesday Blitz August 1 Late 2023"]
[White "Goldin, Alexander"]
[Black "Haszon, David"]
[WhiteFideId "2019540"]
[BlackFideId "733610"]
[WhiteElo "2607"]
[BlackElo "2519"]
[Result "0-1"]
[Round "8"]
[TimeControl "180+1"]
[Date "2023.08.01"]
[WhiteClock "0:00:00"]
[BlackClock "0:00:13"]
[Board "36"]

1. Nf3 Nf6 2. d4 g6 3. g3 Bg7 4. Bg2 O-O 5. O-O d5 6. c4 c6 7. Qb3 Qb6 8. Nc3 dxc4 9. Qxc4 Be6 10. Qd3 Qa6 11. Qc2 Rd8 12. Rd1 Nbd7 13. Ng5 Nf8 14. Nxe6 Nxe6 15. e3 Rac8 16. Bd2 Nd5 17. Be1 Nxc3 18. bxc3 c5 19. Rab1 b6 20. d5 Nf8 21. e4 Nd7 22. f4 c4 23. e5 Nc5 24. Bf2 Nd3 25. Bd4 f6 26. Qe2 Qa5 27. Qe4 f5 28. Qf3 Rd7 29. d6 exd6 30. Qd5+ Qxd5 31. Bxd5+ Kf8 32. Be6 Rcc7 33. Bxd7 Rxd7 34. e6 Re7 35. Bxg7+ Kxg7 36. Rd2 Rxe6 37. a4 d5 38. a5 Kf6 39. Rb5 Rd6 40. Re2 Nc5 41. axb6 axb6 42. Re8 Ne4 43. Rf8+ Kg7 44. Rb8 Nxc3 45. R5xb6 Rxb6 46. Rxb6 d4 47. Kf2 d3 48. Ke3 Ne4 49. Rb7+ Kh6 50. Rc7 d2 51. Ke2 c3 52. Rc6 Kh5 53. Kd1 h6 54. Re6 g5 55. h3 gxf4 56. gxf4 Nf2+ 57. Ke2 d1=Q+ 58. Kxf2 Qd2+ 59. Kg3 Qd3+ 60. Kg2 c2 61. Re1 Qe4+ 62. Rxe4 fxe4 63. Kg3 c1=Q 0-1


[Site "https://www.chess.com"]